 Dungeon Sprint DCSS version 0.29-a0-369-gd956c00756 (webtiles) character file.

Game seed: 11607561094146302524

966 mhtbhm the Protected (level 8, -5/57 HPs)
             Began as a Gargoyle Fighter on May 1, 2022.
             Was an Initiate of Trog.
             Slain by a deep troll (14 damage)
             ... in the Dungeon (Sprint I: "Red Sonja").
             The game lasted 00:02:00 (878 turns).

mhtbhm the Protected (Gargoyle Fighter)              Turns: 878, Time: 00:02:01

Health: -5/57      AC: 14    Str: 21    XL:     8   Next: 15%
Magic:  8/8        EV: 10    Int: 10    God:    Trog [......]
Gold:   607        SH:  5    Dex:  9    Spells: 7/7 levels left

rFire   . . .      SeeInvis .   a - +0 flail
rCold   . . .      Faith    .   c - +0 buckler
rNeg    + . .      Spirit   .   b - +0 scale mail
rPois   ∞          Reflect  .   (no helmet)
rElec   +          Harm     .   (no cloak)
rCorr   .          Rampage  .   (no gloves)
Will    .....      NoTele   +   (no boots)
Stlth   ..........              (no amulet)
HPRegen 0.19/turn               (no ring)
MPRegen 0.11/turn               (no ring)

@: mighty
A: sickness immunity, AC +5, negative energy resistance 1, electricity
resistance, torment resistance 1, petrification resistance
a: Renounce Religion


You were in the Dungeon.
You worshipped Trog.
Trog was noncommittal.
You visited 1 branch You collected 607 gold pieces.

Inventory:

Hand Weapons
 a - a +0 flail (weapon)
Armour
 b - a +0 scale mail (worn)
 c - a +0 buckler (worn)
Scrolls
 m - a scroll of fog {unknown}
Potions
 e - a potion of curing
 g - a potion of haste
 h - 2 potions of magic


   Skills:
 + Level 9.9 Fighting
 + Level 9.0 Maces & Flails
 + Level 1.2 Throwing
 + Level 10.0 Armour
 + Level 3.2 Dodging
 + Level 2.3 Stealth
 + Level 8.6 Shields
 + Level 1.4 Evocations


You had 7 spell levels left.
You didn't know any spells.
Your spell library was empty.

Dungeon Overview and Level Annotations

Branches:
Dungeon (1/1)

Altars:
Cheibriados
Dithmenos
Elyvilon
Fedhas
Gozag
Hepliaklqana
Kikubaaqudgha
Nemelex Xobeh
Okawaru
Qazlal
Ru
Sif Muna
Trog
Uskayaw
Vehumet
Wu Jian
Yredelemnul
Zin
The Shining One

Shops:
D =*


Innate Abilities, Weirdness & Mutations

You are immune to sickness and miasma.
Your stone body is resilient. (AC +5)
You are immune to poison.
You resist negative energy. (rN+)
You are resistant to electric shocks. (rElec)
You are resistant to unholy torment.
You are immune to petrification.


Message History

You see here 27 gold pieces.
Things that are here:
2 curare-tipped darts; 27 gold pieces
l - 2 curare-tipped darts Throw: 2 darts (curare)
Press: ? - help, Q - select action Shift-Dir - straight line, f/p - deep troll
Aim: a deep troll (lightly wounded, poisoned, slow, 59% to hit)
You throw a curare-tipped dart.
The curare-tipped dart barely misses the deep troll.
The deep troll is no longer moving slowly.
Throw: dart (curare)
Press: ? - help, Q - select action Shift-Dir - straight line, f/p - deep troll
Aim: a deep troll (lightly wounded, poisoned, 59% to hit)
You throw a curare-tipped dart.
The curare-tipped dart hits the deep troll.
The deep troll looks even sicker.
The deep troll convulses.
The deep troll seems to slow down.
The deep troll is lightly wounded.
You aren't carrying any items that you can evoke.
You feel better.
You feel better.
You completely miss the deep troll.
The deep troll is lightly wounded.
You closely miss the deep troll.
The deep troll is lightly wounded.
The deep troll bites you!
The deep troll claws you but does no damage.
The deep troll claws you.
You sock the deep troll!
The deep troll is heavily wounded.
The deep troll bites you. The deep troll claws you.
* * * LOW HITPOINT WARNING * * *
The deep troll claws you.
* * * LOW HITPOINT WARNING * * *
You barely miss the deep troll.
The deep troll is moderately wounded.
You thump the deep troll!
The deep troll is severely wounded.
The deep troll closely misses you. The deep troll claws you!
You die...

#####'#####'#
####..#...#.#
#__####..##)#
#_____##'#_.+
#_.∩...÷..._#
#_..__##_.#'#
#_____###'#.#
#########)####+###
.......(((.'$(.T@+
++++####...#######
###.### #.#'#.#
#.....# #.[)..#
#######


You could see a deep troll (very poisoned, slow).

Vanquished Creatures
  Sonja (D)
  Sigmund (D)
  A yak (D)
  An ogre (D)
  A jelly (D)
  Ijyb (D)
6 creatures vanquished.

Vanquished Creatures (others)
  2 ballistomycete spores (D)
2 creatures vanquished.

Grand Total: 8 creatures vanquished

Notes
Turn   | Place    | Note
-------+----------+-------------------------------------------
     0 | D        | mhtbhm the Gargoyle Fighter began the quest for the Orb.
     0 | D        | Reached XP level 1. HP: 14/14 MP: 1/1
     1 | D        | Noticed Ijyb
    15 | D        | Killed Ijyb
    16 | D        | Reached skill level 4 in Armour
    16 | D        | Reached XP level 2. HP: 12/20 MP: 2/2
    16 | D        | Reached XP level 3. HP: 15/24 MP: 3/3
   130 | D        | Noticed an ogre
   135 | D        | Killed an ogre
   136 | D        | Reached skill level 6 in Armour
   136 | D        | Reached XP level 4. HP: 27/32 MP: 4/4
   265 | D        | Noticed Sigmund
   282 | D        | Killed Sigmund
   283 | D        | Reached skill level 5 in Maces & Flails
   283 | D        | Reached skill level 7 in Armour
   283 | D        | Reached skill level 1 in Dodging
   283 | D        | Reached XP level 5. HP: 17/39 MP: 5/5
   283 | D        | Reached XP level 6. HP: 20/44 MP: 6/6
   465 | D        | Found an ornate altar of the Wu Jian Council.
   465 | D        | Found a shimmering blue altar of Sif Muna.
   467 | D        | Found a radiant altar of Vehumet.
   472 | D        | Reached skill level 8 in Armour
   527 | D        | Found Vomuzxau's General Store.
   527 | D        | Found an ancient bone altar of Kikubaaqudgha.
   527 | D        | Found a hazy altar of Hepliaklqana.
   527 | D        | Found a stormy altar of Qazlal.
   527 | D        | Found a hide-covered altar of Uskayaw.
   527 | D        | Found a blossoming altar of Fedhas.
   527 | D        | Found a bloodstained altar of Trog.
   527 | D        | Found an iron altar of Okawaru.
   527 | D        | Found a basalt altar of Yredelemnul.
   527 | D        | Found a glowing golden altar of the Shining One.
   527 | D        | Found a snail-covered altar of Cheibriados.
   527 | D        | Found a sacrificial altar of Ru.
   527 | D        | Found a glowing silver altar of Zin.
   527 | D        | Found a shadowy altar of Dithmenos.
   527 | D        | Found a white marble altar of Elyvilon.
   527 | D        | Noticed a yak
   545 | D        | Killed a yak
   546 | D        | Reached skill level 1 in Stealth
   546 | D        | Found an opulent altar of Gozag.
   548 | D        | Found a sparkling altar of Nemelex Xobeh.
   745 | D        | Became a worshipper of Trog the Wrathful
   756 | D        | Noticed Sonja
   759 | D        | Killed Sonja
   760 | D        | Reached skill level 1 in Throwing
   760 | D        | Reached skill level 10 in Armour
   760 | D        | Reached skill level 1 in Evocations
   760 | D        | Reached XP level 7. HP: 52/52 MP: 7/7
   760 | D        | Reached XP level 8. HP: 57/57 MP: 8/8
   776 | D        | Found Asih's Jewellery Boutique.
   830 | D        | Noticed a deep troll
   878 | D        | Slain by a deep troll

Illustrated notes

Levels and vault maps discovered:
D:        dungeon_sprint_1 [red_sonja_temple_1, red_sonja_temple_small_1]

Skill      XL: |  1  2  3  4  5  6 |
---------------+-------------------+-----
Fighting       | 4 6 7 9 |  9.9
Armour         | 4 6 7 10 | 10.0
Shields        | 4 6 7 8 |  8.6
Maces & Flails | 3 5 9 |  9.0
Dodging        | 1 3 |  3.2
Stealth        | 2 |  2.3
Throwing       | 1 |  1.2
Evocations     | 1 |  1.4

Action                   |  1- 3 |  4- 6 |  7- 9 || total
-------------------------+-------+-------+-------++-------
Melee: Flail             |    17 |    33 |     9 ||    59
Throw: Dart              |       |     2 |    10 ||    12
Evoke: Wand              |       |     4 |     1 ||     5
  Use: Potion            |     1 |       |     4 ||     5
       Scroll            |       |       |     1 ||     1
 Stab: Invisible         |       |     1 |       ||     1
Armor: Scale mail        |     7 |     7 |     5 ||    19
Dodge: Dodged            |     5 |    16 |     7 ||    28
Block: Buckler           |     2 |     7 |     3 ||    12

Table legend: (Time is in decaauts)
 A = Elapsed time spent in this place.
 B = Non-inter-level travel time spent in this place.
 C = Inter-level travel time spent in this place.
 D = Time resting spent in this place.
 E = Time spent auto-exploring this place.
 F = Levels seen in this place.
 G = Mean time per level.
                   A        B        C        D        E       F      G
               +--------+--------+--------+--------+--------+-----+--------+
         Total |    897 |    897 |      0 |    598 |      1 |   1 |  897.0 |
       Dungeon |    897 |    897 |      0 |    598 |      1 |   1 |  897.0 |
               +--------+--------+--------+--------+--------+-----+--------+

Top non-repeatable levels by time:
       D: 897 daAuts
